 Dungeon Sprint DCSS version 0.19-a0-496-g61814d3 (webtiles) character file.

18 Groucho the Grasshopper (level 2, -7/14 HPs)
             Began as a Spriggan Warper on June 4, 2016.
             Was an Initiate of Dithmenos.
             Mangled by a spriggan
             ... wielding a +2 rapier of electrocution
              (8 damage)
             ... in the Dungeon (Sprint V: "Ziggurat Sprint").
             The game lasted 00:01:39 (97 turns).

Groucho the Grasshopper (Spriggan Warper)             Turns: 97, Time: 00:01:40

Health: -7/14      AC: 15    Str: 22    XL:     2   Next: 48%
Magic:  7/7        EV: 15    Int: 14    God:    Dithmenos [......]
Gold:   0          SH:  0    Dex: 15    Spells: 1 memorised, 6 levels left

rFire  . . .     SeeInvis +     l - +14 obsidian axe {chop, +Fly Str+3 SInv *Curse} (curse)
rCold  . . .     Gourm    .     a - +5 shadow dragon armour
rNeg   . . .     Faith    .     (shield currently unavailable)
rPois  .         Spirit   .     (helmet restricted)
rElec  .         Dismiss  .     (no cloak)
rCorr  .         Reflect  .     (gloves unavailable)
SustAt .         Harm     .     (boots unavailable)
MR     .....     NoTele   +     (no amulet)
Stlth  ++++......               I - +6 ring of strength
                                H - +6 ring of strength

@: mesmerised, very quick, not resistant to hostile enchantments, stealthy
A: unfitting armour, see invisible, herbivore 3, speed 3, slow metabolism 2
a: Renounce Religion, Evoke Flight


You were in the Dungeon.
You worshipped Dithmenos.
Dithmenos was noncommittal.
You were not hungry.

You visited 1 branch

Inventory:

Hand Weapons
 l - the cursed +14 obsidian axe (weapon) {chop, +Fly Str+3 SInv *Curse}
   (You found it in the Dungeon)

   It inflicts extra damage upon your enemies.
   It affects your strength (+3).
   It lets you see invisible.
   It lets you fly.
   It may re-curse itself when equipped.
   It has a curse placed upon it.
Missiles
 e - 5 tomahawks of dispersal (quivered)
Armour
 a - a +5 shadow dragon armour (worn)
Jewellery
 D - a +6 ring of dexterity
 E - a +6 ring of dexterity
 F - a +6 ring of intelligence
 G - a +6 ring of intelligence
 H - a +6 ring of strength (left hand)
 I - a +6 ring of strength (right hand)
Wands
 z - a wand of disintegration (7/24)
 A - a wand of iceblast (5/15)
 B - a wand of lightning (5/15)
 C - a wand of acid (5/15)
Scrolls
 d - 5 scrolls of blinking
 s - 4 scrolls of amnesia
 t - 3 scrolls of recharging
 u - 7 scrolls of fog
 v - a scroll of holy word
 w - 5 scrolls of identify
 x - 5 scrolls of remove curse
 y - 2 scrolls of fear
Potions
 g - 10 potions of curing
 h - 10 potions of heal wounds
 i - 6 potions of haste
 j - 7 potions of magic
 k - 3 potions of berserk rage
 m - 2 potions of brilliance
 n - 2 potions of invisibility
 o - 4 potions of resistance
 p - a potion of experience
 q - 5 potions of agility
 r - 5 potions of might
Books
 c - a book of Spatial Translocations

   Spells                             Type                      Level
   a - Apportation                    Translocation                1
   b - Blink                          Translocation                2
   c - Shroud of Golubria             Charms/Translocation         2
   d - Portal Projectile              Translocation                3
   e - Teleport Other                 Translocation                3
   f - Passage of Golubria            Translocation                4
Comestibles
 b - 42 fruits
 f - 5 bread rations


   Skills:
 - Level 1.5 Fighting
 - Level 1.5 Axes
 - Level 1.0 Throwing
 * Level 1.7 Armour
 * Level 5.1 Dodging
 * Level 3.6 Stealth
 + Level 3.3 Spellcasting
 + Level 5.1 Translocations


You had 6 spell levels left.
You knew the following spells:

 Your Spells              Type           Power        Failure   Level  Hunger
a - Apportation           Tloc           ###.......   28%         1    #......


Dungeon Overview and Level Annotations

Branches:
Dungeon (1/1)

Altars:
Ashenzari
Cheibriados
Dithmenos
Elyvilon
Fedhas
Gozag
Hepliaklqana
Kikubaaqudgha
Makhleb
Nemelex Xobeh
Okawaru
Pakellas
Qazlal
Ru
Sif Muna
Trog
Uskayaw
Vehumet
Xom
Yredelemnul
Zin
The Shining One
Beogh
Jiyva
Lugonu


Innate Abilities, Weirdness & Mutations

You are tiny and cannot use many weapons and most armour.
You have supernaturally acute eyesight. (SInv)
You are a herbivore.
You cover ground extremely quickly.
You need consume almost no food.


Message History

The spriggan is wielding a rapier of electrocution.
Visions of slaying the wolf flood into your mind.
The wolf howls! x2
The wolf misses you.
The spriggan shouts!
Found three items.
You miss the wolf. The wolf bites you. The wolf barely misses you.
The wolf closely misses you.
Unknown command.
You slice the spriggan!!
The spriggan is almost dead.
You completely miss the wolf. You miss the wolf. The wolf barely misses you.
The wolf bites you. The wolf barely misses you.
The wolf bites you but does no damage. The spriggan misses you.
The wolf barely misses you. The wolf closely misses you.
The spriggan hits you with a rapier of electrocution.
* * * LOW HITPOINT WARNING * * *
You are electrocuted!
Ouch! That really hurt!
You die...

▓▓▓▓▓▓▓▓▓▓▓▓▓
▓.8©8.▓.8©8.▓
▓.))?.▓.....▓
▓.....▓.).).▓
▓.....▓.....▓
▓ih...▓.....▓
▓.@...▓.....▓
▓..h..▓▓▓▓▓▓▓
▓▓▓▓▓▓▓


You could see a spriggan and 2 wolves.

Vanquished Creatures
  2 adders (D)
2 creatures vanquished.

Vanquished Creatures (others)
  3 spatial maelstroms (D)
3 creatures vanquished.

Grand Total: 5 creatures vanquished

Notes
Turn   | Place    | Note
--------------------------------------------------------------
     0 | D        | Groucho the Spriggan Warper began the quest for the Orb.
     0 | D        | Reached XP level 1. HP: 10/10 MP: 5/5
     0 | D        | Banished a spatial maelstrom
     0 | D        | Banished a spatial maelstrom
     2 | D        | Banished a spatial maelstrom
    10 | D        | Found a shimmering altar of Xom.
    11 | D        | Found a burning altar of Makhleb.
    11 | D        | Found a deep blue altar of Sif Muna.
    11 | D        | Found an iron altar of Okawaru.
    11 | D        | Found a bloodstained altar of Trog.
    11 | D        | Found a radiant altar of Vehumet.
    11 | D        | Found a sparkling altar of Nemelex Xobeh.
    12 | D        | Found a viscous altar of Jiyva.
    12 | D        | Found a roughly hewn altar of Beogh.
    12 | D        | Found a blossoming altar of Fedhas.
    12 | D        | Found a corrupted altar of Lugonu.
    12 | D        | Found a snail-covered altar of Cheibriados.
    12 | D        | Found a white marble altar of Elyvilon.
    68 | D        | Became a worshipper of Dithmenos the Shadowed
    86 | D        | Entered arena 1.
    88 | D        | Reached skill level 1 in Armour
    88 | D        | Reached XP level 2. HP: 14/14 MP: 7/7
    90 | D        | Reached skill level 5 in Dodging
    90 | D        | Reached skill level 5 in Translocations
    95 | D        | Entered arena 2.
    95 | D        | Noticed a wolf
    95 | D        | Noticed a wolf
    95 | D        | Noticed a spriggan
    97 | D        | Mangled by a spriggan

Vault maps used:
D:        sprint_v

Skill      XL: |  1  2 |
---------------+-------+-----
Armour         | 1 |  1.7
Dodging        | 4 5 |  5.1
Stealth        | 2 3 |  3.6
Spellcasting   | 3 |  3.3
Translocations | 5 |  5.1
Fighting       | |  1.5
Axes           | |  1.5
Throwing       | |  1.0

Action                   || total
-------------------------++-------
Melee: Broad axe         ||     4
Armor: Shadow dragon arm ||     1
Dodge: Dodged            ||     8
